 Dungeon Crawl Stone Soup version 0.30.1-11-g7821555f0a (webtiles) character file.

Game seed: 17814542652416811677

260 edilice the Cudgeller (level 6, 0/48 HPs)
             Began as a Human Monk on Jan 8, 2024.
             Slain by an orc warrior
             ... wielding a +0 short sword
              (4 damage)
             ... on level 5 of the Dungeon on Jan 9, 2024.
             The game lasted 00:24:04 (3339 turns).

edilice the Cudgeller (Human Monk)                  Turns: 3339, Time: 00:24:04

Health: 0/48       AC: 10    Str: 14    XL:     6   Next: 41%
Magic:  6/6        EV:  8    Int: 10    God:
Gold:   192        SH:  0    Dex: 15    Spells: 5/5 levels left

rFire   + . .        y - +0 flail
rCold   + . .        d - orb {light}
rNeg    . . .        f - +0 chain mail
rPois   .            (helmet restricted)
rElec   .            B - scarf {rC+ rF+}
rCorr   .            (no gloves)
SInv    .            (no boots)
Will    .....        (no amulet) Stlth
                     (no ring)
HPRegen 0.28/turn    (no ring)
MPRegen 0.10/turn

%: no passive effects
@: hasted, glowing, very quick
A: horns 2, iridescent scales 1
a: no special abilities


You were on level 5 of the Dungeon.
You visited 1 branch of the dungeon, and saw 5 of its levels.

You collected 192 gold pieces.

Inventory:

Hand Weapons
 a - a +0 mace
 h - a +0 dagger
 k - a +1 dagger of protection
 m - a +0 hand axe
 p - a +0 sling
 s - a +2 long sword of flaming
 y - a +0 flail (weapon)
Missiles
 g - a boomerang (quivered)
 i - 28 stones
 D - 5 poisoned darts
Armour
 b - a +0 robe
 c - a +2 animal skin
 d - an orb of light (worn)
 f - a +0 chain mail (worn)
 n - a +0 leather armour
 o - a +0 scale mail
 v - a +0 helmet
 A - a scarf of harm
 B - a scarf of resistance (worn)
Jewellery
 e - an amulet of faith
Scrolls
 j - a scroll of blinking {unknown}
 l - 2 scrolls of immolation
 t - a scroll of fear {unknown}
 u - a scroll of magic mapping {unknown}
 w - a scroll of identify
 z - a scroll of teleportation {unknown}
 C - a scroll of poison {unknown}
Potions
 q - a potion of curing
 r - a potion of haste
 x - a potion of attraction


   Skills:
 + Level 3.9 Fighting
 + Level 5.0 Maces & Flails
 + Level 0.6 Throwing
 + Level 2.3 Armour
 + Level 3.6 Dodging
 + Level 0.1 Stealth


You had 5 spell levels left.
You didn't know any spells.
Your spell library contained the following spells:

 Spells                   Type           Power      Damage    Failure   Level
 Beastly Appendage        Tmut           0%         N/A       100%        1
 Wereblood                Tmut           0%         N/A       100%        2
 Dazzling Flash           Conj/Hex       0%         N/A       100%        3
 Spider Form              Tmut/Pois      0%         N/A       100%        3
 Summon Guardian Golem    Hex/Summ       0%         N/A       100%        3
 Vhi's Electric Charge    Tloc/Air       0%         N/A       100%        3
 Volatile Blastmotes      Fire/Tloc      0%         2d10      100%        3
 Anguish                  Hex/Necr       0%         N/A       100%        4
 Cause Fear               Hex            0%         N/A       100%        4
 Iskenderun's Mystic Bla  Conj/Tloc      0%         2d3       100%        4
 Arcjolt                  Conj/Air       0%         1d10      100%        5
 Starburst                Conj/Fire      0%         6d3       100%        6
 Enfeeble                 Hex            0%         N/A       100%        7
 Orb of Destruction       Conj           0%         9d5       100%        7
 Spellforged Servitor     Conj/Summ      0%         N/A       100%        7
 Maxwell's Capacitive Co  Air            0%         ∞         100%        8


Dungeon Overview and Level Annotations

Branches:
Dungeon (5/15)
 Temple: D:4-7

Altars:
Cheibriados
Nemelex Xobeh

Annotations:
D:4 Eustachio


Innate Abilities, Weirdness & Mutations

You have a pair of horns on your head.
You are partially covered in iridescent scales. (AC +2)


Message History

The white imp is lightly wounded.
The white imp gestures at you.
The puff of frost hits you but does no damage.
You resist.
You hit the white imp. You headbutt the white imp.
The white imp is severely wounded.
The white imp gestures at you. The puff of frost hits you. You resist.
You hit the white imp.
You kill the white imp!
You hit the orc.
The orc is heavily wounded.
The orc hits you but does no damage.
You barely miss the orc.
The orc is heavily wounded.
You hit the orc warrior but do no damage.
You headbutt the orc warrior, but do no damage.
The orc hits you but does no damage.
The orc warrior hits you with a +0 short sword.
The orc hits you with a +0 dagger. The iguana bites you.
You barely miss the iguana. The orc hits you but does no damage.
The iguana barely misses you.
The orc warrior hits you with a +0 short sword.
* * * LOW HITPOINT WARNING * * *
You hit the iguana but do no damage. The orc hits you but does no damage.
The iguana bites you.
* * * LOW HITPOINT WARNING * * *
The orc warrior hits you with a +0 short sword.
* * * LOW HITPOINT WARNING * * *
You hit the iguana. You headbutt the iguana.
The iguana is severely wounded.
The orc hits you but does no damage.
The iguana hisses menacingly.
The iguana bites you.
* * * LOW HITPOINT WARNING * * *
The orc warrior closely misses you.
It was a potion of haste.
You feel yourself speed up. The iguana barely misses you.
The orc warrior hits you with a +0 short sword.
You die...

....[.... 8#
............. .##
$...........# ...#
............# $$$#
............#########
............#⌠......⌠
............#o._.._..
...........ol@......⌠
........$...#o.......
.....?......#########
.......†...........
.#.................
>...............#
.##.............#
#.............#
+.............#


You could see an orc warrior, an iguana and 2 orcs.

Vanquished Creatures
  2 hounds (D:5)
  A sleepcap (D:5)
  2 iguanas
  Terence (D:3)
  Robin (D:2)
  3 adders
  A white imp (D:5)
  A worm (D:3)
  A dart slug (D:1)
  3 orcs (D:2)
  3 ball pythons
  2 endoplasms
  2 giant cockroaches (D:1)
  10 goblins
  6 hobgoblins
  4 kobolds
  3 quokkas
  3 bats
  A frilled lizard (D:3)
  2 rats
52 creatures vanquished.

Notes
Turn   | Place    | Note
-------+----------+-------------------------------------------
     0 | D:1      | edilice the Human Monk began the quest for the Orb.
     0 | D:1      | Reached XP level 1. HP: 18/18 MP: 1/1
   194 | D:1      | Reached XP level 2. HP: 23/24 MP: 2/2
  1104 | D:1      | Reached XP level 3. HP: 23/29 MP: 3/3
  2353 | D:3      | Noticed Robin
  2390 | D:3      | Reached XP level 4. HP: 11/35 MP: 4/4
  2396 | D:3      | HP: 1/35 [Robin/+0 club (3)]
  2416 | D:2      | Killed Robin
  2480 | D:3      | Found a faded altar of an unknown god.
  2488 | D:3      | Reached skill level 1 in Armour
  2503 | D:3      | Gained mutation: You have sharp fingernails. [potion of
                  | mutation]
  2503 | D:3      | Gained mutation: You have a pair of small horns on your
                  | head. [potion of mutation]
  2503 | D:3      | Gained mutation: You have a pair of horns on your head.
                  | [potion of mutation]
  2503 | D:3      | Gained mutation: You are partially covered in iridescent
                  | scales. (AC +2) [potion of mutation]
  2509 | D:3      | Noticed Terence
  2529 | D:3      | Killed Terence
  2530 | D:3      | Reached skill level 4 in Maces & Flails
  2579 | D:3      | Lost mutation: You have a pair of horns on your head.
                  | [potion of mutation]
  2579 | D:3      | Lost mutation: You have sharp fingernails. [potion of
                  | mutation]
  2579 | D:3      | Gained mutation: You have a pair of horns on your head.
                  | [potion of mutation]
  2655 | D:3      | Reached XP level 5. HP: 41/41 MP: 5/5
  3226 | D:4      | Noticed Eustachio
  3253 | D:5      | Entered Level 5 of the Dungeon
  3308 | D:5      | Noticed an orc warrior
  3310 | D:5      | Reached XP level 6. HP: 36/48 MP: 6/6
  3315 | D:5      | Found a sparkling altar of Nemelex Xobeh.
  3315 | D:5      | Found a snail-covered altar of Cheibriados.
  3329 | D:5      | Reached skill level 5 in Maces & Flails
  3339 | D:5      | Slain by an orc warrior

Illustrated notes

Levels and vault maps discovered:
D:1:      spicycebolla_green_bress_n_ham, layout_loops_ring
D:2:      layout_basic
D:3:      layout_loops_ring, hellmonk_ecumenical_altar_blasted, uniq_terence,
          uniq_robin
D:4:      layout_loops_cross, nrook_mini_backslash, grunt_ministairs_3,
          uniq_edmund, uniq_eustachio
D:5:      layout_basic, jmf_multi_god_temple, gammafunk_ghost_nasty_kobolds

Skill      XL: |  1  2  3  4  5  6 |
---------------+-------------------+-----
Armour         | 1 2 |  2.3
Maces & Flails | 4 5 |  5.0
Fighting       | |  3.9
Throwing       | |  0.6
Dodging        | |  3.6
Stealth        | |  0.1

Action                     |  1- 3 |  4- 6 || total
---------------------------+-------+-------++-------
  Melee: Mace              |    85 |    34 ||   119
         Flail             |       |    63 ||    63
         Headbutt          |       |    17 ||    17
  Throw: Boomerang         |     4 |     3 ||     7
    Use: Potion            |       |     5 ||     5
         Scroll            |       |     2 ||     2
 Armour: Chain mail        |    55 |    74 ||   129
  Dodge: Dodged            |    40 |    62 ||   102
